 Dungeon Crawl Stone Soup version 0.19-a0-1886-gd64a0f0 (webtiles) character file.

32 Amnesiac the Ogre Mage (level 3, -8/31 HPs)
             Began as an Ogre Wizard on Oct 16, 2016.
             Mangled by a mummy (14 damage)
             ... in an ossuary.
             The game lasted 00:02:31 (1035 turns).

Amnesiac the Ogre Mage (Ogre Wizard)                Turns: 1035, Time: 00:02:31

Health: -8/31      AC:  4    Str: 12    XL:     3   Next: 25%
Magic:  5/9        EV: 15    Int: 17    God:
Gold:   24         SH:  0    Dex: 14    Spells: 5 memorised, 0 levels left

rFire  . . .     SeeInvis .     (no weapon)
rCold  . . .     Gourm    .     a - +0 robe
rNeg   . . .     Faith    .     (no shield)
rPois  .         Spirit   .     b - +1 hat
rElec  .         Dismiss  .     (no cloak)
rCorr  .         Reflect  .     (gloves unavailable)
MR     .....     Harm     .     (boots unavailable)
Stlth  +++.......               (no amulet)
                                (no ring)
                                (no ring)

@: agile, marked, very slightly contaminated, repel missiles
A: unfitting armour, tough skin 1
a: no special abilities


You were in an ossuary.
You were hungry.

You visited 1 branch of the dungeon, and saw 4 of its levels.
You also visited: Ossuary.

You collected 24 gold pieces.

Inventory:

Armour
 a - a +0 robe (worn)
 b - a +1 hat (worn)
Jewellery
 i - a cursed amulet of inaccuracy {unknown}
 l - an uncursed ring of stealth {unknown}
Scrolls
 j - a scroll of holy word {unknown}
 k - 3 scrolls of remove curse
Potions
 e - a potion of lignification {unknown}
 f - 2 potions of heal wounds {unknown}
 g - 2 potions of agility
 m - 2 potions of cancellation {unknown}
Books
 c - a book of Minor Magic

   Spells                             Type                      Level
   a - Magic Dart                     Conjuration                  1
   b - Blink                          Translocation                2
   c - Call Imp                       Summoning                    2
   d - Repel Missiles                 Charms/Air                   2
   e - Slow                           Hexes                        2
   f - Conjure Flame                  Conjuration/Fire             3
   g - Mephitic Cloud                 Conjuration/Poison/Air       3
Comestibles
 d - a bread ration
 h - a beef jerky
 n - a meat ration


   Skills:
 - Level 1.7 Dodging
 - Level 1.4 Stealth
 - Level 4.5 Spellcasting
 + Level 1.3 Conjurations
 - Level 0.6 Summonings
   Level 0.6 Translocations


You couldn't memorise any spells.
You knew the following spells:

 Your Spells              Type           Power        Failure   Level  Hunger
a - Repel Missiles        Chrm/Air       #.....       24%         2    ##.....
d - Call Imp              Summ           #.......     21%         2    ##.....
e - Mephitic Cloud        Conj/Pois/Air  #.......     38%         3    ###....
f - Magic Dart            Conj           #...         12%         1    None
s - Conjure Flame         Conj/Fire      #.......     38%         3    ###....


Dungeon Overview and Level Annotations

Branches:
Dungeon (4/15)
 Temple: D:4-7

Altars:


Innate Abilities, Weirdness & Mutations

You are too large for most types of armour.
You have tough skin. (AC +1)


Message History

You see here a scroll of remove curse.
k - 3 scrolls of remove curse (gained 1)
You see here a smoky orange potion.
f - a smoky orange potion You see here a viscous yellow potion.
g - 3 viscous yellow potions (gained 1)
You hear a blaring wail to the north.
You see here a smoky orange potion.
f - 2 smoky orange potions (gained 1)
You see here a scroll labeled DASKAO VENLUOT.
j - a scroll labeled DASKAO VENLUOT You see here 2 fizzy purple potions.
m - 2 fizzy purple potions It was a potion of agility.
You feel agile all of a sudden.
You are feeling hungry.
The mummy hits you!
* * * LOW HITPOINT WARNING * * *
The mummy hits you!
You die...

#'##.MZ.....#
##M.##M.....#
##.M..##.Z..##
##.M....#....#
#$......#.Z..#
#$......#....#
#$$.ZM..#....#
##$.ZM..#....#
#$$M.@##....#
##$...##....#
#$..###.∩∩.#
##### ######


You could see 6 mummies, a big kobold zombie and an orc zombie.

Vanquished Creatures
  2 adders
  2 leopard geckos
  A gnoll zombie (Ossuary)
  A hobgoblin (D:2)
  2 kobolds (D:2)
  A quokka (D:4)
  A hobgoblin zombie (Ossuary)
  A kobold zombie (D:4)
  2 orc zombies (Ossuary)
  A rat (D:1)
14 creatures vanquished.

Vanquished Creatures (collateral kills)
  A gnoll zombie (Ossuary)
1 creature vanquished.

Grand Total: 15 creatures vanquished

Notes
Turn   | Place    | Note
-------+----------+-------------------------------------------
     0 | D:1      | Amnesiac the Ogre Wizard began the quest for the Orb.
     0 | D:1      | Reached XP level 1. HP: 16/16 MP: 5/5
    97 | D:2      | Reached skill level 1 in Conjurations
   144 | D:2      | Reached XP level 2. HP: 12/24 MP: 0/6
   199 | D:2      | Learned a level 2 spell: Call Imp
   279 | D:2      | Reached skill level 4 in Spellcasting
   484 | D:3      | Reached XP level 3. HP: 19/31 MP: 0/9
   653 | D:3      | Learned a level 3 spell: Mephitic Cloud
   657 | D:3      | Learned a level 3 spell: Conjure Flame
   661 | D:3      | Learned a level 2 spell: Repel Missiles
   775 | D:4      | Found a sand-covered staircase.
   780 | Ossuary  | Entered an ossuary
  1035 | Ossuary  | Mangled by a mummy

Vault maps used:
D:1:      mrwooster_arrival_statue_3
D:2:      kennysheep_generic_room_8, uniq_crazy_yiuf_cottage, uniq_natasha,
          uniq_robin
D:3:      gammafunk_temple_overflow_elements, grunt_ministairs_4
D:4:      enter_ossuary_3, first_bread
Ossuary:  ossuary_tomb_3

Skill      XL: |  1  2 |
---------------+-------+-----
Conjurations   | 1 |  1.3
Spellcasting   | 4 |  4.5
Dodging        | |  1.7
Stealth        | |  1.4
Summonings     | |  0.6
Translocations | |  0.6

Action                   || total
-------------------------++-------
Melee: Unarmed           ||    33
 Cast: Magic Dart        ||    47
       Call Imp          ||     6
       Repel Missiles    ||     1
  Use: Scroll            ||     4
       Potion            ||     1
Armor: Robe              ||     9
Dodge: Dodged            ||    14
